 Dungeon Crawl Stone Soup version 0.28-a0-861-ge64d6db94f (webtiles) character file.

Game seed: 5727985141290577357

131 avis the Chopper (level 5, -1/47 HPs)
             Began as a Hill Orc Monk on Nov 15, 2021.
             Slain by a scorpion (2 damage)
             ... on level 2 of the Dungeon on Nov 16, 2021.
             The game lasted 00:11:18 (2823 turns).

avis the Chopper (Hill Orc Monk)                    Turns: 2823, Time: 00:11:19

Health: -1/47      AC:  6    Str: 15    XL:     5   Next: 14%
Magic:  5/5        EV:  7    Int: 10    God:
Gold:   61         SH:  8    Dex: 19    Spells: 4/4 levels left

rFire   . . .      SeeInvis .   a - +0 hand axe
rCold   . . .      Faith    .   c - +0 kite shield
rNeg    . . .      Spirit   .   l - +0 scale mail
rPois   .          Reflect  .   (no helmet)
rElec   .          Harm     .   (no cloak)
rCorr   .          Rampage  .   (no gloves)
Will    .....                   (no boots)
Stlth   +.........              (no amulet)
HPRegen 0.15/turn               n - +6 ring of dexterity
MPRegen 0.09/turn               (no ring)

@: no status effects
A: no striking features
a: no special abilities


You were on level 2 of the Dungeon.
You visited 1 branch of the dungeon, and saw 3 of its levels.

You collected 61 gold pieces.

Inventory:

Hand Weapons
 a - a +0 hand axe (weapon)
 k - a +0 short sword of venom
Missiles
 e - 53 stones (quivered)
 h - 40 arrows
 j - 15 bolts
Armour
 b - a +0 robe
 c - a +0 kite shield (worn)
 l - a +0 scale mail (worn)
 o - a +0 ring mail
Jewellery
 n - a +6 ring of dexterity (left hand)
Scrolls
 f - 3 scrolls of enchant weapon {unknown}
 m - 2 scrolls of immolation {unknown}
Potions
 d - a potion of attraction {unknown}
 g - a potion of invisibility {unknown}
 i - a potion of haste {unknown}


   Skills:
 + Level 4.8 Fighting
 * Level 6.6 Axes
 - Level 2.4 Dodging
 - Level 1.5 Stealth


You had 4 spell levels left.
You didn't know any spells.
Your spell library contained the following spells:

 Spells                   Type           Power      Damage    Failure   Level
 Ensorcelled Hibernation  Hex/Ice        0%         N/A       100%        2
 Conjure Flame            Conj/Fire      0%         6-21      100%        3
 Ignite Poison            Fire/Tmut/Pois 0%         N/A       100%        3
 Tukima's Dance           Hex            0%         N/A       100%        3
 Sticky Flame             Conj/Fire      0%         2d3       100%        4


Dungeon Overview and Level Annotations

Branches:
Dungeon (3/15)

Altars:


Message History

The orc hits you but does no damage. The orc closely misses you.
You closely miss the orc.
The orc is moderately wounded.
The orc barely misses you.
You hit the orc.
The orc is almost dead.
The orc hits you with a +0 hand axe.
You hit the orc.
You kill the orc!
You hit the scorpion.
The scorpion is lightly wounded.
You block the scorpion's attack. The scorpion stings you.
You hit the scorpion.
The scorpion is lightly wounded.
The scorpion stings you.
* * * LOW HITPOINT WARNING * * *
You barely miss the scorpion.
The scorpion is lightly wounded.
You block the scorpion's attack. x2
You closely miss the scorpion.
The scorpion is lightly wounded.
You block the scorpion's attack.
Your shield and scale mail prevent you from hitting the scorpion.
The scorpion is lightly wounded.
The scorpion stings you.
* * * LOW HITPOINT WARNING * * *
The scorpion barely misses you.
You hit the scorpion but do no damage.
The scorpion is lightly wounded.
The scorpion stings you but does no damage.
You hit the scorpion.
The scorpion is moderately wounded.
The scorpion stings you!
* * * LOW HITPOINT WARNING * * *
The scorpion stings you.
* * * LOW HITPOINT WARNING * * *
You completely miss the scorpion.
The scorpion is moderately wounded.
The scorpion stings you.
You die...

### ########..# ..#
#.........# ..#
#.....###.## ### ..#####
#.....# #..# #.#
.†....###.....# #..## #.#
..>.....#.....# #...# #.#
........#.....# #...###.#
........#....r###....##.#
.......g.....gos@....#..#
##...##.....#####....##.#
##...##...).# #....##.#
.#..........# #....##.#
.####.......# ##...###.#
..........### #....###.#
..........######...##.#.#
.....#........##...##.#.#
<....##.^.....#...###.#.#


You could see a scorpion, an orc, a goblin and a rat.

Vanquished Creatures
  2 orc wizards
  An adder (D:2)
  A worm (D:2)
  8 orcs
  4 ball pythons (D:1)
  6 bats
  4 endoplasms
  A giant cockroach (D:2)
  3 goblins
  8 hobgoblins
  3 jackals (D:2)
  7 kobolds
  4 quokkas
  3 frilled lizards
  3 rats
58 creatures vanquished.

Vanquished Creatures (others)
  19 plants (D:2)
19 creatures vanquished.

Grand Total: 77 creatures vanquished

Notes
Turn   | Place    | Note
-------+----------+-------------------------------------------
     0 | D:1      | avis the Hill Orc Monk began the quest for the Orb.
     0 | D:1      | Reached XP level 1. HP: 19/19 MP: 1/1
   410 | D:1      | Reached XP level 2. HP: 26/27 MP: 2/2
  1138 | D:2      | Reached skill level 5 in Axes
  1270 | D:2      | Reached XP level 3. HP: 33/33 MP: 3/3
  2050 | D:2      | Reached XP level 4. HP: 35/41 MP: 4/4
  2138 | D:2      | Found a faded altar of an unknown god.
  2641 | D:2      | Reached skill level 6 in Axes
  2748 | D:3      | Reached XP level 5. HP: 47/47 MP: 5/5
  2822 | D:2      | HP: 1/47 [scorpion (3)]
  2823 | D:2      | Slain by a scorpion

Illustrated notes

Levels and vault maps discovered:
D:1:      dpeg_arrival_radiant, layout_loops_corners, hangedman_feature_mirror
D:2:      layout_basic, serial_bayou, serial_bayou_shore_a,
          serial_bayou_lagoon_b, serial_bayou_lake_a, serial_bayou_lagoon_a,
          hellmonk_ecumenical_altar_zigzags
D:3:      layout_rooms, kennysheep_path_1

Skill      XL: |  1  2  3  4 |
---------------+-------------+-----
Fighting       | 4 |  4.8
Axes           | 5 6 |  6.6
Dodging        | |  2.4
Stealth        | |  1.5

Action                   |  1- 3 |  4- 6 || total
-------------------------+-------+-------++-------
Melee: Hand axe          |   175 |    70 ||   245
 Stab: Sleeping          |     1 |       ||     1
Armor: Robe              |    22 |       ||    22
       Scale mail        |    47 |    32 ||    79
Dodge: Dodged            |    64 |    22 ||    86
Block: Kite shield       |    59 |    37 ||    96

Table legend: (Time is in decaauts)
 A = Elapsed time spent in this place.
 B = Non-inter-level travel time spent in this place.
 C = Inter-level travel time spent in this place.
 D = Time resting spent in this place.
 E = Time spent auto-exploring this place.
 F = Levels seen in this place.
 G = Mean time per level.
                   A        B        C        D        E       F      G
               +--------+--------+--------+--------+--------+-----+--------+
         Total |   2952 |   2889 |     63 |    954 |   1208 |   3 |  984.0 |
       Dungeon |   2952 |   2889 |     63 |    954 |   1208 |   3 |  984.0 |
               +--------+--------+--------+--------+--------+-----+--------+

Top non-repeatable levels by time:
     D:2: 1763 daAuts
     D:1: 1122 daAuts
     D:3: 66 daAuts
